 Dungeon Crawl Stone Soup version 0.25.1-2-g60ff931df9 (webtiles) character file.

Game seed: 9606669253349142556

133 DogServant the Ducker (level 5, -4/40 HPs)
             Began as a Merfolk Gladiator on Oct 18, 2020.
             Slain by a wight
             ... wielding a +2 short sword
              (5 damage)
             ... on level 3 of the Dungeon.
             The game lasted 00:03:54 (2946 turns).

DogServant the Ducker (Merfolk Gladiator)           Turns: 2946, Time: 00:03:54

Health: -4/40      AC:  4    Str: 12 (14) XL:     5   Next: 16%
Magic:  5/5        EV: 15    Int:  6 (7)  God:
Gold:   101        SH:  0    Dex: 16 (17) Spells: 4/4 levels left

rFire    . . .     SeeInvis .     - Unarmed
rCold    . . .     Gourm    .   (no shield)
rNeg     . . .     Faith    .   a - +0 leather armour
rPois    .         Spirit   .   b - +0 helmet
rElec    .         Reflect  .   (no cloak)
rCorr    .         Harm     .   (no gloves)
MR       .....                  (no boots)
Stlth    +.........             (no amulet)
HPRegen  0.13/turn              (no ring)
MPRegen  0.09/turn              (no ring)

@: about to teleport
A: change form in water, swift swim, stealthy swim
a: no special abilities


You were on level 3 of the Dungeon.
You were hungry.

You visited 1 branch of the dungeon, and saw 3 of its levels.

You collected 101 gold pieces.

Inventory:

Missiles
 c - 3 throwing nets (quivered)
 l - 6 javelins
Armour
 a - a +0 leather armour (worn)
 b - a +0 helmet (worn)
Wands
 k - a wand of acid (6)
Scrolls
 g - 4 scrolls of identify
 i - a scroll of immolation
 n - a scroll of remove curse
 o - a scroll of fog
Comestibles
 d - 4 rations


   Skills:
 + Level 2.8 Fighting
 - Level 2.0 Throwing
 - Level 5.4 Dodging
 + Level 4.8 Unarmed Combat
 + Level 1.2 Evocations


You had 4 spell levels left.
You didn't know any spells.
Your spell library was empty.

Dungeon Overview and Level Annotations

Branches:
Dungeon (3/15)

Altars:


Message History

The wight is moderately damaged.
The giant cockroach misses you. The wight misses you.
As you read the scroll of teleportation, it crumbles to dust.
You feel strangely unstable.
The giant cockroach bites you but does no damage.
The wight hits you with a +0 flail!
* * * LOW HITPOINT WARNING * * *
The giant cockroach misses you.
You hit the wight.
The wight is heavily damaged.
The giant cockroach bites you but does no damage.
You closely miss the wight.
The wight is heavily damaged.
The giant cockroach bites you.
* * * LOW HITPOINT WARNING * * *
You closely miss the wight.
The wight is heavily damaged.
The wight misses you. The giant cockroach barely misses you.
The wight hits you with a +2 short sword.
You die...

# ..#####
.....§§
.....§§##
#...§z@#
##.§§zs#
###§....z....
...§§........
#.......##..<.
...##....# ...
### #....# ##
######


You could see 2 wights and a giant cockroach.

Vanquished Creatures
  An orc wizard (D:3)
  2 adders
  An ooze (D:2)
  3 worms
  3 dart slugs
  3 leopard geckos
  5 orcs (D:3)
  7 bats
  3 giant cockroaches (D:2)
  6 goblins
  4 hobgoblins (D:1)
  3 jackals (D:3)
  9 kobolds
  A ball python (D:1)
  4 frilled lizards
  5 rats
60 creatures vanquished.

Notes
Turn   | Place    | Note
-------+----------+-------------------------------------------
     0 | D:1      | DogServant the Merfolk Gladiator began the quest for the
                  | Orb.
     0 | D:1      | Reached XP level 1. HP: 16/16 MP: 1/1
   283 | D:1      | Reached XP level 2. HP: 22/22 MP: 2/2
  1030 | D:2      | Reached XP level 3. HP: 23/27 MP: 3/3
  1333 | D:2      | Reached skill level 5 in Dodging
  1813 | D:2      | Reached XP level 4. HP: 24/33 MP: 4/4
  2800 | D:3      | Reached skill level 1 in Evocations
  2800 | D:3      | Reached XP level 5. HP: 10/39 MP: 5/5
  2943 | D:3      | HP: 2/40 [wight/+0 flail (9)]
  2946 | D:3      | Slain by a wight

Illustrated notes

Levels and vault maps discovered:
D:1:      dpeg_arrival_snail, layout_loops_ring
D:2:      layout_loops_corners, minmay_pentomino_w4
D:3:      layout_rooms, uniq_crazy_yiuf_cottage

Skill      XL: |  1  2  3  4 |
---------------+-------------+-----
Unarmed Combat | 4 |  4.8
Dodging        | 5 |  5.4
Evocations     | 1 |  1.2
Fighting       | |  2.8
Throwing       | |  2.0

Action                   |  1- 3 |  4- 6 || total
-------------------------+-------+-------++-------
Melee: Unarmed           |   142 |    96 ||   238
       Punch             |       |     3 ||     3
  Use: Potion            |       |     4 ||     4
       Scroll            |       |     7 ||     7
 Stab: Sleeping          |     2 |       ||     2
  Eat: Chunk             |     3 |     3 ||     6
Armor: Leather armour    |    34 |    28 ||    62
Dodge: Dodged            |    78 |   114 ||   192
